AoeStats
← Murmeldjuret. ®

African Clearing

510835997Analyzed
4v4 RM · 1d ago on Oct 2, 2026· 56m 54s· 8 players
Game mode
Random Map
Map size
Large (8 player)
Population
200
Speed
Normal
Resources
Standard
Victory
Conquest
Starting age
Dark Age
Ending age
Imperial Age
RankedLock teamsTeams togetherTeam positionsShared explorationLock speedFull tech treeHidden civsTurbo modeCheats
Victory
Defeat
🇸🇪 Mongols · Sweden
1134
+15
🇧🇷 Vietnamese · Brazil
1132
+15
🇧🇷 Franks · Brazil
1111
+16
🇸🇪 Magyars · Sweden
1109
+16
🇳🇱 Goths · Netherlands
1158
-17
🇺🇸 Saracens · United States
1157
-17
🇺🇸 Britons · United States
1096
-15
🇺🇸 Aztecs · United States
1047
-13
alwinmonteiro
12:34 Feudal Age
10:50 Loom
13:18 Double-Bit Axe
17:32 Castle Age
15:41 Fletching
20:04 Fishing Lines
22:26 Bow Saw
22:18 Gillnets
26:52 Elite Skirmisher
28:20 Scale Mail Armor
29:47 Forging
30:32 Town Watch
31:23 Wheelbarrow
30:48 Horse Collar
31:41 Stone Mining
31:43 Gold Mining
32:15 Heavy Plow
33:23 Stone Shaft Mining
32:53 Squires
32:39 Arson
34:46 Chain Mail Armor
35:07 Iron Casting
35:58 Padded Archer Armor
35:54 Bodkin Arrow
38:02 Hand Cart
38:18 Leather Archer Armor
43:03 Imperial Age
42:04 Thumb Ring
44:15 Plate Mail Armor
43:48 Bracer
44:19 Ring Archer Armor
43:15 Imperial Skirmisher
44:00 Elite Fire Lancer
44:07 Elite Rattan Archer
45:39 Ballistics
46:20 Chemistry
45:25 Siege Engineers
45:31 Masonry
46:06 Murder Holes
53:06 Paper Money
Murmeldjuret. ®
3:16 Loom
12:53 Feudal Age
18:03 Castle Age
21:38 Horse Collar
24:20 Scale Barding Armor
28:42 Chain Barding Armor
38:16 Bloodlines
44:05 Imperial Age
43:10 Wheelbarrow
42:21 Town Watch
42:25 Double-Bit Axe
44:41 Corvinian Army
44:49 Light Cavalry
47:55 Hussar
49:36 Cavalier
51:23 Heavy Plow
52:46 Plate Barding Armor
52:58 Bow Saw
54:56 Crop Rotation
54:01 Elite Magyar Huszar
Murkeldjuret. ®
3:01 Loom
12:27 Feudal Age
13:10 Double-Bit Axe
19:10 Castle Age
20:38 Fletching
20:50 Husbandry
22:04 Bodkin Arrow
26:48 Padded Archer Armor
28:24 Horse Collar
31:11 Bloodlines
36:33 Leather Archer Armor
38:00 Wheelbarrow
44:55 Imperial Age
44:43 Heavy Plow
44:56 Bow Saw
45:37 Bracer
47:21 Conscription
47:09 Thumb Ring
49:24 Elite Mangudai
50:34 Ballistics
51:45 Hand Cart
52:16 Parthian Tactics
51:58 Herbal Medicine
53:54 Chemistry
53:22 Capped Ram
TheLawRøcK®
4:59 Loom
5:55 Loom
13:37 Feudal Age
15:03 Wheelbarrow
15:14 Double-Bit Axe
29:43 Castle Age
31:24 Castle Age
33:21 Hand Cart
38:32 Husbandry
42:32 Scale Barding Armor
43:00 Gold Mining
43:57 Forging
52:05 Chain Barding Armor
52:21 Iron Casting
56:36 Gold Shaft Mining
59:36 Imperial Age
56:59 Fletching
The Lemons
6:07 Loom
16:55 Feudal Age
20:02 Double-Bit Axe
23:10 Castle Age
22:04 Forging
22:09 Scale Mail Armor
23:56 Arson
24:46 Eagle Warrior
26:51 Squires
27:46 Sanctity
32:53 Iron Casting
38:58 Imperial Age
37:22 Bow Saw
37:39 Pikeman
41:35 Fletching
NoLawsClaws
11:39 Loom
15:25 Feudal Age
16:27 Double-Bit Axe
16:35 Stone Mining
17:26 Gold Mining
17:41 Fishing Lines
25:37 Castle Age
28:22 Fletching
28:32 Padded Archer Armor
29:03 Bodkin Arrow
30:33 Ballistics
30:08 Murder Holes
30:51 Wheelbarrow
31:16 Gillnets
32:48 Yeomen
33:54 Leather Archer Armor
35:48 Hand Cart
38:45 Imperial Age
38:15 Fortified Wall
39:38 Bow Saw
40:06 Gold Shaft Mining
40:07 Conscription
39:48 Bracer
42:56 Ring Archer Armor
43:17 Scale Barding Armor
47:23 Chemistry
46:29 Siege Engineers
48:06 Forging
48:16 Chain Barding Armor
49:53 Iron Casting
51:16 Plate Barding Armor
iamjackscolon
10:46 Loom
13:44 Feudal Age
14:00 Man-at-Arms
14:45 Double-Bit Axe
15:42 Gold Mining
15:35 Horse Collar
22:23 Fletching
25:37 Bloodlines
25:38 Forging
25:36 Scale Barding Armor
27:10 Padded Archer Armor
31:09 Castle Age
33:48 Bow Saw
36:40 Scale Mail Armor
36:23 Pikeman
38:24 Stone Mining
40:18 Husbandry
40:36 Heavy Plow
42:14 Wheelbarrow
43:16 Iron Casting
45:44 Chain Barding Armor
48:21 Imperial Age
47:12 Leather Archer Armor
47:31 Light Cavalry
48:24 Elite Mameluke
50:15 Conscription
51:15 Bodkin Arrow
51:11 Heavy Camel Rider
52:13 Bracer
53:31 Plate Barding Armor
53:57 Blast Furnace
52:43 Elite Skirmisher
53:47 Thumb Ring
54:49 Ring Archer Armor
Achladi
3:25 Loom
12:42 Feudal Age
16:49 Wheelbarrow
20:31 Castle Age
19:39 Double-Bit Axe
19:37 Horse Collar
27:06 Elite Skirmisher
32:49 Town Watch
36:08 Pikeman
36:48 Squires
50:37 Imperial Age
49:49 Bow Saw
50:17 Gold Mining
50:18 Stone Mining
53:04 Hand Cart
55:03 Scale Mail Armor
56:33 Chain Mail Armor
56:58 Conscription
Connection lost

Rejoining the realm…

Still unreachable

The connection could not be restored.

Session expired

The server has moved on; the page needs a fresh start.